 Dungeon Crawl Stone Soup version 0.21-a0-471-gd587bd5 (webtiles) character file.

221076 Lavandula the Black Belt (level 18, -4/166 HPs)
             Began as an Octopode Transmuter on Nov 20, 2017.
             Was a Believer of Uskayaw.
             Splashed by an acid blob's acid (6 damage)
             ... on level 2 of the Pits of Slime on Nov 21, 2017.
             The game lasted 03:28:48 (36290 turns).

Lavandula the Black Belt (Octopode Transmuter)     Turns: 36290, Time: 03:28:49

Health: -4/166     AC: 19    Str: 14      XL:     18   Next: 70%
Magic:  42/47      EV: 22    Int: 16 (17) God:    Uskayaw [**....]
Gold:   1611       SH:  0    Dex: 22      Spells: 6/39 levels left

rFire    . . .     SeeInvis +     - Unarmed
rCold    + . .     Gourm    .   (no shield)
rNeg     + + +     Faith    .   (helmet restricted)
rPois    ∞         Spirit   .   W - amulet of regeneration
rElec    +         Reflect  .   t - ring of resist corrosion
rCorr    +         Harm     .   E - ring "Ruinluh" {rF+ MP+9 SInv}
MR       +....                  J - ring of positive energy
Stlth    +++++.....             O - ring of magical power
HPRegen  0.77/turn              p - ring of ice
MPRegen  0.30/turn              Z - +3 ring of protection
                                Y - ring "Sazaoll" {Str+4 Dex+4 Slay+2 SInv}
                                b - ring of positive energy

@: statue-form, corroded, very slow
A: almost no armour, stealthy swim, amphibious, 8 rings, constrict 8, camouflage
1, blink, blurry vision 1, deterioration 1, low mp 1
}: 2/15 runes: decaying, gossamer
a: End Transformation, Blink, Stomp, Line Pass, Renounce Religion


You were on level 2 of the Pits of Slime.
You worshipped Uskayaw.
Uskayaw was aware of your devotion.
You were not hungry.
You were a stone statue.
You visited 6 branches of the dungeon, and saw 32 of its levels.
You also visited: Ossuary.

You collected 2946 gold pieces.
You spent 1335 gold pieces at shops.

Inventory:

Missiles
 a - 603 arrows
 H - 22 javelins (quivered)
 M - 3 throwing nets
Magical Staves
 y - an uncursed staff of wizardry
Jewellery
 b - a ring of positive energy (on tentacle)
 p - a ring of ice (on tentacle)
 t - a ring of resist corrosion (left tentacle)
 E - the ring "Ruinluh" (right tentacle) {rF+ MP+9 SInv}
   (You found it on level 6 of the Dungeon)

   [ring of magical power]

   It protects you from fire.
   It affects your magic capacity (+9).
   It lets you see invisible.
 J - a ring of positive energy (on tentacle)
 O - a ring of magical power (on tentacle)
 W - an amulet of regeneration (around mantle)
 Y - the ring "Sazaoll" (on tentacle) {Str+4 Dex+4 Slay+2 SInv}
   (You found it on level 6 of the Lair of Beasts)

   [ring of see invisible]

   It affects your strength (+4).
   It affects your dexterity (+4).
   It affects your accuracy and damage with ranged weapons and melee attacks
   (+2).
   It lets you see invisible.
 Z - a +3 ring of protection (on tentacle)
Wands
 h - a wand of paralysis (20)
 j - a wand of flame (70)
 n - a wand of acid (11)
 o - a wand of iceblast (16)
 s - a wand of polymorph (7)
 z - a wand of digging (28)
 S - a wand of clouds (1)
Scrolls
 d - 15 scrolls of remove curse {probably rcurse}
 k - 5 scrolls of amnesia
 l - 4 scrolls of immolation
 m - 2 scrolls of silence
 A - 2 scrolls of fog
 B - 2 scrolls of enchant armour
 C - a scroll of fear
 F - 5 scrolls of magic mapping
 G - a scroll of identify
 I - a scroll of holy word
 K - a scroll of torment
 Q - 10 scrolls of teleportation
Potions
 f - 4 potions of invisibility
 g - 14 potions of curing
 i - a potion of brilliance
 q - 3 potions of ambrosia
 v - 3 potions of berserk rage
 w - 6 potions of might
 D - 4 potions of agility
 N - a potion of haste
 R - 3 potions of cancellation
 V - 2 potions of resistance
Books
 x - a book of the Earth

   Spells                             Type                      Level
   a - Leda's Liquefaction            Hexes/Earth                  4
   b - Bolt of Magma                  Conjuration/Fire/Earth       5
   c - Statue Form                    Transmutation/Earth          6
   d - Iron Shot                      Conjuration/Earth            6
   e - Shatter                        Earth                        9
Miscellaneous
 e - a lightning rod (4/4)
 P - a phantom mirror
 T - a sack of spiders
Comestibles
 c - 9 bread rations
 r - 29 fruits


   Skills:
 + Level 13.2 Fighting
 - Level 11.0 Dodging
 - Level 8.0 Stealth
 - Level 16.5 Unarmed Combat
 - Level 11.0 Spellcasting
 - Level 7.1 Conjurations
 - Level 9.3 Transmutations
 - Level 2.2 Ice Magic
 - Level 10.5 Earth Magic
 - Level 7.8 Poison Magic
 - Level 11.0 Invocations
 - Level 4.3 Evocations


You had 6 spell levels left.
You knew the following spells:

 Your Spells              Type           Power        Failure   Level  Hunger
a - Iron Shot             Conj/Erth      #####.....   32%         6    ######.
b - Sticks to Snakes      Tmut           #####...     1%          2    None
c - Statue Form           Tmut/Erth      #####....    22%         6    ######.
d - Animate Skeleton      Necr           N/A          9%          1    None
e - Ice Form              Ice/Tmut       #####...     8%          4    ###....
f - Confusing Touch       Hex            #.....       9%          1    None
g - Apportation           Tloc           #.....       9%          1    None
h - Blade Hands           Tmut           #####.....   4%          5    #####..
i - Mephitic Cloud        Conj/Pois/Air  ###.....     3%          3    None
j - Olgreb's Toxic Radia  Pois           ####....     3%          4    ###....


Dungeon Overview and Level Annotations

Branches:
Dungeon (14/15)            Temple (0/1) D:6            Lair (6/6) D:11
  Swamp (4/4) Lair:4       Spider (4/4) Lair:4        Slime (2/5) Lair:5
    Orc (2/2) D:12            Elf (0/3) Orc:2        Vaults (0/5) D:13

Altars:
Ashenzari
Cheibriados
Dithmenos
Elyvilon
Gozag
Hepliaklqana
Kikubaaqudgha
Makhleb
Nemelex Xobeh
Okawaru
Qazlal
Ru
Sif Muna
Uskayaw
Vehumet
Wu Jian
Xom
Zin
The Shining One
Jiyva

Shops:
D:13 %   Orc:1 ?   Orc:2 %}**

Annotations:
D:6 Grinder
D:7 Scuka's ghost, novice BaSu
D:8 Erica
D:11 exclusions: cyclops and oklob plant
D:12 rupert! Eye of devastation!, exclusion: cyclops, Rupert
Lair:2 exclusion: 4 oklob plants
Swamp:3 jorgun!, Jorgrun
Slime:2 confidenceinterval's ghost, adept GrBe


Innate Abilities, Weirdness & Mutations

You cannot wear most types of armour.
You are very stealthy in the water. (Stealth+)
You are amphibious.
You can wear up to eight rings at the same time.
You can use your tentacles to constrict eight enemies at once.
Your skin changes colour to match your surroundings (Stealth+).
((Your rubbery body absorbs attacks. (AC +1, EV +1)))
((You are partially covered in yellow scales. (AC +2)))
You can translocate small distances at will.
Scrolls take you a little longer to read.
Your body sometimes deteriorates upon taking damage.
Your magical capacity is low. (-10% MP)


Message History

You feel better. The acid blob hits you!
* * * LOW HITPOINT WARNING * * *
You are splashed with acid!
The acid burns!
You resist.
* * * LOW HITPOINT WARNING * * *
The acid blob spits acid at you. The splash of acid hits you! You resist.
* * * LOW HITPOINT WARNING * * *
You are splashed with acid!
The acid burns!
You resist.
* * * LOW HITPOINT WARNING * * *
An acid blob and a player ghost come into view.
Okay, then.
You tentacle-slap the acid blob but do no damage.
Your tentacles burn!
* * * LOW HITPOINT WARNING * * *
The acid blob is almost dead.
The acid blob spits acid at you. The splash of acid hits you! You resist.
* * * LOW HITPOINT WARNING * * *
You are splashed with acid!
The acid burns!
You resist.
You die...

.....#### ..
#.#...#.## ...
.....#...###...
#.#.......#....
.#.............
.......>.......
...............
.......8J......
...............
.....>......##.
...........##
...........#
..J.....#.##
.........#.
W.#...#.# ..


You could see 2 acid blobs and confidenceinterval's ghost.

Vanquished Creatures
  Mara (Swamp:3)
  Nikola (Spider:1)
  2 acid blobs
  Donald (Swamp:3)
  Roxanne (Swamp:2)
  6 thorn hunters
  4 ghost moths (Spider:4)
  4 emperor scorpions
  A ghoul (Swamp:2)
  3 entropy weavers
  4 dire elephants (Lair:6)
  Nessos (D:13)
  5 spark wasps
  Harold (Lair:4)
  Josephine (D:11)
  Fannar (Lair:2)
  15 hydras
  3 ghost crabs
  A centaur warrior (D:13)
  A tengu warrior (D:12)
  An anaconda (Lair:6)
  4 two-headed ogres
  7 alligators
  5 death yaks
  5 orc high priests (Orc:2)
  2 unseen horrors
  2 shambling mangroves (Swamp:4)
  11 swamp dragons
  8 orc knights
  30 wolf spiders
  18 orb spiders
  The ghost of Demitroll the Shield-Bearer, a novice DsFi of Kikubaaqudgha (D:9)
  An oklob plant (Lair:2)
  2 cyclopes
  An orc sorcerer (Orc:2)
  11 ugly things
  3 moths of wrath
  A manticore (D:13)
  Joseph (D:7)
  8 elephants
  A black mamba (Lair:2)
  A torpor snail (Spider:1)
  14 spiny frogs
  A gargoyle (D:12)
  7 rime drakes
  An efreet (D:13)
  12 demonic crawlers
  3 komodo dragons
  A tengu conjurer (D:12)
  24 jumping spiders
  2 polar bears
  6 trolls
  7 tyrant leeches
  6 blink frogs
  22 hornets
  34 slime creatures
  2 dream sheep (Lair:6)
  12 bog bodies
  11 hippogriffs
  6 spriggans
  A shadow (Swamp:2)
  74 redbacks
  A vampire (D:9)
  2 wyverns
  3 wraiths (D:11)
  50 yaks
  4 basilisks
  32 tarantellas
  3 hogs (D:7)
  16 humans
  13 vampire mosquitoes
  3 hungry ghosts
  Menkaure (D:4)
  18 swamp worms
  8 insubstantial wisps
  20 water moccasins
  The ghost of Tux the Magician, an amateur DEVM (D:4)
  Duvessa (D:7)
  9 porcupines
  2 black bears
  32 orc warriors
  8 swamp drakes
  3 sky beasts
  A hornet zombie (D:12)
  An ice beast (D:10)
  13 ogres
  3 phantoms
  14 wolves
  5 necrophages
  10 crocodiles
  13 centaurs
  3 big kobolds
  19 bullfrogs
  Blork the orc (D:3)
  3 gnoll sergeants (D:12)
  Dowan (D:7)
  A wyvern skeleton (D:12)
  6 scorpions
  14 killer bees
  An oklob sapling (D:11)
  4 wights (D:12)
  4 electric eels
  9 howler monkeys
  3 bullfrog zombies
  2 centaur zombies
  7 crimson imps
  5 hounds
  5 jellies
  20 orc priests
  A bullfrog skeleton (D:11)
  4 iguanas
  17 orc wizards
  14 worker ants
  10 big kobold zombies (Ossuary)
  2 hound skeletons
  2 mummies
  A worker ant zombie (D:6)
  21 adders
  12 gnolls
  A shadow imp (D:5)
  A white imp (D:9)
  2 oozes
  An adder zombie (D:6)
  3 adder skeletons
  A worm (D:3)
  2 dart slugs (D:2)
  5 leopard geckos
  85 orcs
  A spectral bat (Ossuary)
  6 ball pythons
  8 bats
  8 giant cockroaches
  10 goblins
  8 hobgoblins
  19 jackals
  6 quokkas
  3 bat simulacra (Ossuary)
  5 frilled lizards
  A giant cockroach zombie (D:5)
  2 gnoll zombies (Ossuary)
  4 goblin simulacra (Ossuary)
  3 goblin zombies (Ossuary)
  4 hobgoblin zombies (Ossuary)
  15 kobolds
  6 kobold zombies
  A leopard gecko zombie (D:6)
  6 orc zombies
  5 rats
  5 rat simulacra (Ossuary)
  3 spectral goblins (Ossuary)
  4 spectral kobolds (Ossuary)
  3 spectral rats (Ossuary)
  A plant (Lair:6)
1147 creatures vanquished.

Vanquished Creatures (collateral kills)
  2 dire elephants (Lair:6)
  A hydra (Lair:5)
  A death yak (Lair:5)
  Sonja (Lair:1)
  An orc sorcerer (Orc:2)
  An eye of devastation (D:12)
  A spiny frog (Lair:4)
  A komodo dragon (Lair:4)
  2 hornets (Swamp:4)
  2 hippogriffs (Lair:3)
  A bog body (Swamp:2)
  2 dream sheep (Lair:6)
  3 spriggans
  2 yaks
  A basilisk (Lair:3)
  A human (D:13)
  2 swamp worms
  A water moccasin (Lair:6)
  2 porcupines
  3 orc warriors
  An ice beast (D:11)
  A wolf (Lair:5)
  An ogre (D:11)
  A crocodile (Lair:5)
  2 bullfrogs
  2 electric eels (Lair:4)
  A hound (D:11)
  A jelly (D:5)
  5 orc priests
  2 orc wizards (Orc:2)
  8 orcs
  3 fungi
  A plant (Lair:1)
60 creatures vanquished.

Vanquished Creatures (others)
  A thorn hunter (Swamp:4)
  A slime creature (Lair:5)
  5 briar patches
  A bush (Lair:3)
  5 fungi
  13 plants
26 creatures vanquished.

Grand Total: 1233 creatures vanquished

Notes
Turn   | Place    | Note
-------+----------+-------------------------------------------
     0 | D:1      | Lavandula the Octopode Transmuter began the quest for the Orb.
     0 | D:1      | Reached XP level 1. HP: 13/13 MP: 3/3
    34 | D:1      | You fall through a shaft!
   107 | D:2      | Reached XP level 2. HP: 18/18 MP: 5/5
   156 | D:2      | Learned a level 2 spell: Sticks to Snakes
   554 | D:1      | Reached XP level 3. HP: 20/23 MP: 4/6
   814 | D:1      | Reached skill level 4 in Unarmed Combat
  1246 | D:2      | Reached XP level 4. HP: 19/28 MP: 7/7
  1296 | D:2      | Learned a level 3 spell: Spider Form
  1404 | D:2      | Reached XP level 5. HP: 17/35 MP: 8/8
  1566 | D:2      | Learned a level 1 spell: Animate Skeleton
  1568 | D:2      | Learned a level 1 spell: Apportation
  1781 | D:2      | Found a hide-covered altar of Uskayaw.
  1789 | D:2      | Became a worshipper of Uskayaw the Reveler
  1850 | D:2      | Reached * piety under Uskayaw
  2048 | D:3      | Noticed Blork the orc
  2072 | D:3      | Reached ** piety under Uskayaw
  2105 | D:3      | Learned a level 1 spell: Confusing Touch
  2239 | D:3      | Reached *** piety under Uskayaw
  2710 | D:4      | Reached skill level 5 in Unarmed Combat
  2710 | D:4      | Reached XP level 6. HP: 28/41 MP: 10/10
  3075 | D:4      | Reached skill level 6 in Unarmed Combat
  3255 | D:4      | Noticed Menkaure
  3357 | D:4      | Killed Menkaure
  3357 | D:4      | Reached XP level 7. HP: 20/45 MP: 6/11
  3603 | D:4      | Reached **** piety under Uskayaw
  3628 | D:4      | Learned a level 4 spell: Ice Form
  3976 | D:4      | Noticed Tux's ghost (amateur DEVM)
  3997 | D:4      | Killed Tux's ghost
  4176 | D:4      | Found a shattered altar of Ashenzari.
  4295 | D:5      | Entered Level 5 of the Dungeon
  4364 | D:5      | Reached skill level 5 in Spellcasting
  4626 | D:5      | Found a shadowy altar of Dithmenos.
  4645 | D:5      | Reached XP level 8. HP: 42/50 MP: 13/16
  4652 | D:5      | Learned a level 5 spell: Blade Hands
  5261 | D:5      | Found an iron altar of Okawaru.
  5468 | D:6      | Found a snail-covered altar of Cheibriados.
  5883 | D:6      | Got a crude steel ring
  5884 | D:6      | Identified the ring "Ruinluh" {rF+ MP+9 SInv} (You found it on level 6 of the Dungeon)
  5928 | D:6      | Reached skill level 1 in Ice Magic
  6194 | D:6      | Found an iron altar of Okawaru.
  6194 | D:6      | Found a shadowy altar of Dithmenos.
  6194 | D:6      | Found an ornate altar of the Wu Jian Council.
  6195 | D:6      | Found an ancient bone altar of Kikubaaqudgha.
  6195 | D:6      | Found a sparkling altar of Nemelex Xobeh.
  6195 | D:6      | Found a shimmering altar of Xom.
  6198 | D:6      | Found a hazy altar of Hepliaklqana.
  6200 | D:6      | Found a staircase to the Ecumenical Temple.
  6200 | D:6      | Found a burning altar of Makhleb.
  6200 | D:6      | Found a shattered altar of Ashenzari.
  6200 | D:6      | Found a white marble altar of Elyvilon.
  6200 | D:6      | Found a glowing silver altar of Zin.
  6200 | D:6      | Found a sacrificial altar of Ru.
  6218 | D:6      | Noticed Grinder
  6484 | D:6      | Reached skill level 7 in Unarmed Combat
  6554 | D:6      | Reached XP level 9. HP: 55/55 MP: 17/17
  6638 | D:6      | Noticed a purple ugly thing
  6734 | D:7      | Found a sand-covered staircase.
  6738 | Ossuary  | Entered an ossuary
  6931 | Ossuary  | Reached skill level 8 in Unarmed Combat
  7366 | D:7      | Found a glowing golden altar of the Shining One.
  7509 | D:7      | Noticed Scuka's ghost (novice BaSu)
  7533 | D:7      | Noticed Joseph
  7717 | D:7      | Reached skill level 9 in Unarmed Combat
  8349 | D:7      | Noticed Dowan
  8365 | D:7      | Noticed Duvessa
  8369 | D:7      | Killed Duvessa
  8369 | D:7      | Reached skill level 5 in Fighting
  8370 | D:7      | Killed Dowan
  8433 | D:7      | Killed Joseph
  8433 | D:7      | Reached XP level 10. HP: 44/71 MP: 16/18
  8512 | D:7      | Reached skill level 5 in Dodging
  9039 | D:8      | Found an opulent altar of Gozag.
  9044 | D:8      | Noticed Erica
  9741 | D:8      | Found a stormy altar of Qazlal.
  9865 | D:9      | Noticed Demitroll's ghost (novice DsFi)
  9892 | D:9      | Killed Demitroll's ghost
 10063 | D:9      | Found a radiant altar of Vehumet.
 10414 | D:9      | Reached skill level 10 in Unarmed Combat
 10794 | D:10     | Entered Level 10 of the Dungeon
 10804 | D:10     | Reached skill level 1 in Invocations
 10830 | D:10     | Reached ***** piety under Uskayaw
 11021 | D:10     | Reached skill level 1 in Evocations
 11090 | D:10     | Noticed a two-headed ogre
 11098 | D:10     | Killed a two-headed ogre
 11098 | D:10     | Reached XP level 11. HP: 78/78 MP: 19/19
 11301 | D:10     | Paralysed by a hornet for 3 turns
 11582 | D:10     | Paralysed by a hornet for 1 turns
 12039 | D:11     | Noticed Josephine
 12068 | D:11     | Noticed an oklob plant
 12096 | D:11     | Noticed a five-headed hydra
 12107 | D:11     | Noticed a six-headed hydra
 12112 | D:11     | Found a staircase to the Lair.
 12320 | D:11     | Killed Josephine
 12320 | D:11     | Reached skill level 11 in Unarmed Combat
 12474 | D:11     | Noticed an unseen horror
 12478 | D:11     | Killed an unseen horror
 12591 | D:11     | Noticed a cyclops
 12801 | D:11     | Noticed a white ugly thing
 13085 | D:11     | Reached skill level 12 in Unarmed Combat
 13261 | D:11     | Learned a level 3 spell: Mephitic Cloud
 13288 | D:11     | Noticed a purple ugly thing
 13304 | D:11     | Killed a purple ugly thing
 13348 | D:11     | Gained mutation: Your spells are a little easier to cast, but a little less powerful. [mutagenic meat]
 13349 | D:11     | Gained mutation: You are partially covered in yellow scales. (AC +2) [mutagenic meat]
 13458 | D:12     | Noticed Urug
 13462 | D:12     | Noticed a cyclops
 13849 | D:12     | Found a staircase to the Orcish Mines.
 13894 | D:12     | Upgraded the game from 0.21-a0-460-g737a915 to 0.21-a0-471-gd587bd5
 14178 | D:3      | Found a deep blue altar of Sif Muna.
 14183 | D:3      | Killed Blork the orc
 14420 | D:6      | Killed a purple ugly thing
 14420 | D:6      | Reached XP level 12. HP: 84/84 MP: 23/23
 14423 | D:6      | Gained mutation: You are robust. (+10% HP) [mutagenic meat]
 14780 | D:10     | Learned a level 4 spell: Olgreb's Toxic Radiance
 15051 | D:11     | Reached skill level 5 in Poison Magic
 15539 | D:12     | Noticed a tengu warrior
 15549 | D:12     | Killed a tengu warrior
 15674 | D:12     | Noticed Rupert
 15674 | D:12     | Paralysed by Rupert for 2 turns
 15901 | D:12     | Noticed Urug
 15901 | D:12     | Urug changed into Urug the eye of devastation
 16489 | Orc:1    | Entered Level 1 of the Orcish Mines
 16490 | Orc:1    | Found Geocs's Magic Scroll Shop.
 16502 | Orc:1    | Bought a scroll of teleportation for 39 gold pieces
 16502 | Orc:1    | Bought a scroll of identify for 26 gold pieces
 16502 | Orc:1    | Bought a scroll of identify for 26 gold pieces
 16502 | Orc:1    | Bought a scroll of identify for 26 gold pieces
 16502 | Orc:1    | Bought a scroll of identify for 26 gold pieces
 16502 | Orc:1    | Bought a scroll of teleportation for 39 gold pieces
 17089 | Orc:2    | Entered Level 2 of the Orcish Mines
 17146 | Orc:2    | Found a staircase to the Elven Halls.
 17567 | Orc:2    | Reached skill level 10 in Fighting
 17971 | Orc:2    | Noticed an orc high priest
 17975 | Orc:2    | Noticed a soul eater
 17976 | Orc:2    | Noticed a soul eater
 17976 | Orc:2    | Noticed a soul eater
 17978 | Orc:2    | Killed an orc high priest
 18021 | Orc:2    | Learned a level 5 spell: Venom Bolt
 18205 | Orc:2    | Noticed an orc high priest
 18246 | Orc:2    | Killed an orc high priest
 18246 | Orc:2    | Reached XP level 13. HP: 91/101 MP: 25/25
 19289 | Orc:2    | Found Tiodemus's Assorted Antiques.
 19289 | Orc:2    | Found Olienn's Assorted Antiques.
 19290 | Orc:2    | Found Beves's Gadget Boutique.
 19290 | Orc:2    | Found Fidwos's Food Shop.
 19301 | Orc:2    | Bought a scroll of fear for 101 gold pieces
 19301 | Orc:2    | Bought a scroll of identify for 58 gold pieces
 19301 | Orc:2    | Bought a potion of curing for 87 gold pieces
 19301 | Orc:2    | Bought a scroll labeled PIOVOD OPHOTI for 29 gold pieces
 19301 | Orc:2    | Bought a ruby potion for 26 gold pieces
 19301 | Orc:2    | Bought a scroll of teleportation for 87 gold pieces
 19305 | Orc:2    | Bought a scroll of teleportation for 87 gold pieces
 19305 | Orc:2    | Bought a sedimented green potion for 26 gold pieces
 19305 | Orc:2    | Bought a scroll labeled MOELAR JIXKO for 29 gold pieces
 19305 | Orc:2    | Bought a twisted copper wand for 116 gold pieces
 19305 | Orc:2    | Bought a potion of curing for 87 gold pieces
 19307 | Orc:2    | Bought a phantom mirror for 420 gold pieces
 19644 | D:12     | Lost mutation: You are robust. (+10% HP) [mutagenic meat]
 19645 | D:12     | Gained mutation: Your system is resistant to poisons. (rPois) [mutagenic meat]
 19646 | D:12     | Gained mutation: You can translocate small distances at will. [mutagenic meat]
 19647 | D:12     | Gained mutation: One of your tentacles bears a spike. [mutagenic meat]
 19864 | D:13     | Found a gate to the Vaults.
 19864 | D:13     | Noticed Nessos
 20344 | D:13     | Reached skill level 10 in Spellcasting
 20605 | D:13     | Reached skill level 5 in Stealth
 20823 | D:13     | Killed Nessos
 20889 | D:13     | Reached XP level 14. HP: 99/99 MP: 12/28
 21276 | D:13     | Found Secyq's Food Emporium.
 21447 | D:14     | Lost mutation: Your spells are a little easier to cast, but a little less powerful. [mutagenic meat]
 21449 | D:14     | Gained mutation: You are clumsy. (Dex -2) [mutagenic meat]
 21450 | D:14     | Gained mutation: You are very clumsy. (Dex -4) [mutagenic meat]
 21724 | D:12     | Killed Urug the eye of devastation
 21763 | D:11     | Reached skill level 13 in Unarmed Combat
 21810 | Lair:1   | Entered Level 1 of the Lair of Beasts
 22042 | Lair:1   | Noticed Sonja
 22060 | Lair:1   | Killed Sonja
 22136 | Lair:1   | Found a hide-covered altar of Uskayaw.
 22661 | Lair:2   | Found a sparkling altar of Nemelex Xobeh.
 22855 | Lair:2   | Reached skill level 14 in Unarmed Combat
 22941 | Lair:2   | Noticed Fannar
 22957 | Lair:2   | Killed Fannar
 24229 | Lair:4   | Reached skill level 15 in Unarmed Combat
 24374 | Lair:4   | Noticed Harold
 24397 | Lair:4   | Killed Harold
 24524 | Lair:4   | Found a staircase to the Swamp.
 24750 | Lair:4   | Found a hole to the Spider Nest.
 25507 | Lair:5   | Reached XP level 15. HP: 107/107 MP: 10/29
 25682 | Lair:5   | Found a viscous altar of Jiyva.
 25687 | Lair:5   | Found a staircase to the Slime Pits.
 25961 | Lair:6   | Entered Level 6 of the Lair of Beasts
 25987 | Lair:6   | Reached ****** piety under Uskayaw
 26349 | Lair:6   | Got a fine pewter ring
 26350 | Lair:6   | Identified the ring "Sazaoll" {Str+4 Dex+4 Slay+2 SInv} (You found it on level 6 of the Lair of Beasts)
 26385 | Lair:6   | Learned a level 6 spell: Statue Form
 26419 | Lair:6   | Reached skill level 1 in Earth Magic
 26817 | Lair:6   | Got a bloodstained demon trident
 26818 | Lair:6   | Identified the +5 demon trident of the Thing {freeze, *Slow +Inv rC- Int+7} (You found it on level 6 of the Lair of Beasts)
 27001 | Lair:6   | Reached skill level 5 in Earth Magic
 27201 | Lair:1   | Learned a level 6 spell: Iron Shot
 27372 | Swamp:1  | Entered Level 1 of the Swamp
 27385 | Swamp:1  | Reached skill level 5 in Transmutations
 27448 | Swamp:1  | Noticed a thorn hunter
 27459 | Swamp:1  | Killed a thorn hunter
 27872 | Swamp:1  | Noticed a thorn hunter
 27886 | Swamp:1  | Killed a thorn hunter
 28164 | Swamp:2  | Noticed a thorn hunter
 28185 | Swamp:2  | Killed a thorn hunter
 28330 | Swamp:2  | Reached XP level 16. HP: 116/116 MP: 30/30
 28665 | Swamp:2  | Noticed Roxanne
 28705 | Swamp:3  | Noticed Mara
 28719 | Swamp:3  | Noticed Lavandula's illusion
 28733 | Swamp:3  | Noticed Donald
 28743 | Swamp:3  | Killed Donald
 28813 | Swamp:3  | Noticed a thorn hunter
 28832 | Swamp:3  | Killed a thorn hunter
 28944 | Swamp:3  | Reached skill level 10 in Earth Magic
 29070 | Swamp:3  | Noticed Jorgrun
 29350 | Swamp:3  | Noticed Lavandula's illusion
 29472 | Swamp:2  | Noticed Lavandula's illusion
 29485 | Swamp:3  | Noticed Lavandula's illusion
 29485 | Swamp:3  | Killed Mara
 29485 | Swamp:3  | Reached skill level 5 in Invocations
 29652 | Swamp:4  | Entered Level 4 of the Swamp
 29666 | Swamp:4  | Noticed a thorn hunter
 29673 | Swamp:4  | Killed a thorn hunter
 29725 | Swamp:4  | Noticed a thorn hunter
 29746 | Swamp:4  | Killed a thorn hunter
 29886 | Swamp:4  | Noticed a thorn hunter
 30176 | Swamp:4  | Reached skill level 16 in Unarmed Combat
 30380 | Swamp:4  | Killed a thorn hunter
 30585 | Swamp:4  | Reached XP level 17. HP: 89/121 MP: 31/31
 30746 | Swamp:4  | Reached skill level 10 in Dodging
 30760 | Swamp:4  | Gained mutation: Scrolls take you a little longer to read. [mutagenic meat]
 30762 | Swamp:4  | Lost mutation: Your system is resistant to poisons. (rPois) [mutagenic meat]
 30763 | Swamp:4  | Lost mutation: You are very clumsy. (Dex -4) [mutagenic meat]
 30764 | Swamp:4  | Lost mutation: One of your tentacles bears a spike. [potion of mutation]
 30764 | Swamp:4  | Lost mutation: You are clumsy. (Dex -2) [potion of mutation]
 30764 | Swamp:4  | Gained mutation: You are frail. (-10% HP) [potion of mutation]
 30764 | Swamp:4  | Gained mutation: Your spells are a little harder to cast, but a little more powerful. [potion of mutation]
 30765 | Swamp:4  | Lost mutation: Scrolls take you a little longer to read. [potion of mutation]
 30765 | Swamp:4  | Lost mutation: Your spells are a little harder to cast, but a little more powerful. [potion of mutation]
 30765 | Swamp:4  | Lost mutation: You are frail. (-10% HP) [potion of mutation]
 30997 | Swamp:4  | Got a decaying rune of Zot
 31512 | Swamp:2  | Killed Roxanne
 31613 | Spider:1 | Entered Level 1 of the Spider Nest
 31797 | Spider:1 | Noticed Nikola
 32707 | Spider:3 | Reached skill level 10 in Invocations
 33268 | Spider:4 | Entered Level 4 of the Spider Nest
 33721 | Spider:4 | Reached XP level 18. HP: 126/126 MP: 32/32
 33794 | Spider:4 | Reached skill level 1 in Conjurations
 34099 | Spider:4 | Reached skill level 5 in Conjurations
 34743 | Spider:4 | Gained mutation: Your magical capacity is low. (-10% MP) [mutagenic meat]
 34746 | Spider:4 | Gained mutation: Your body sometimes deteriorates upon taking damage. [mutagenic meat]
 34747 | Spider:4 | Gained mutation: Scrolls take you a little longer to read. [mutagenic meat]
 34922 | Spider:4 | Got a gossamer rune of Zot
 35309 | Spider:1 | Killed Nikola
 35974 | Slime:1  | Entered Level 1 of the Pits of Slime
 36289 | Slime:2  | HP: 5/166 [acid (8)]
 36290 | Slime:2  | Noticed confidenceinterval's ghost (adept GrBe)
 36290 | Slime:2  | HP: 2/166 [acid blob/splash of acid (3)]
 36290 | Slime:2  | Splashed by an acid blob's acid

Vault maps used:
D:1:      tarquinn_simple_flora_water_d
D:2:      eat_drink_and_be_merry_uskayaw
D:3:      tgw_sif, first_bread, st_stairs_13
D:4:      old_standard_altar, grunt_ministairs_2, minmay_misc_feat_iff,
          minmay_cut_off, uniq_menkaure
D:5:      okawaru_altar_gauntlet_db, nicolae_dithmenos_the_darkroom,
          sigmund_army
D:6:      cheibrodos_barr_body, cheibriados_altar_1, temple_doors_ab,
          minivault_23, uniq_grinder
D:7:      tso_metal_star, nicolae_ossuary_entry_giza, grunt_livestock,
          uniq_duvessa, uniq_joseph
D:8:      old_standard_altar, lemuel_doored_altar, uniq_erica
D:9:      nicolae_overflow_crystal_walls, minmay_fire_ice_demons
D:11:     david_lair_generic, introduction_to_nature_1, uniq_josephine
D:12:     kennysheep_orc_monster_closet_entryway, grunt_potential, uniq_urug,
          uniq_rupert
D:13:     david_vaults_3, serial_shops, shop
D:14:     regret_index_wax_grids
Lair:1:   serial_bayou_pond_c, lemuel_centaur_altar, uniq_sonja
Lair:2:   columned_hall_lemuel, lemuel_oklob_altar, serial_bayou_shore_b,
          minmay_lair_oklob_chamber, uniq_fannar
Lair:3:   eino_small_chamber_without_monster, infiniplex_staircase_pool_2
Lair:4:   swamp_mist, spider_nest_entry_a, serial_bayou_lake_a,
          serial_bayou_shore_a, infiniplex_staircase_pool, uniq_harold
Lair:5:   slime_altar_1, serial_bayou_pond_c
Lair:6:   due_jungle_book
Swamp:1:  serial_swamp_ruin, evilmike_swamp_ruin_house_4,
          hangedman_swamp_ruin_wall, evilmike_swamp_ruin_wall
Swamp:2:  evilmike_swamp_ruin_house_2, hangedman_swamp_ravenous, uniq_roxanne
Swamp:3:  nicolae_swamp_treefoil, nicolae_swamp_orc_logging_accident, uniq_mara,
          uniq_jorgrun, uniq_donald
Swamp:4:  swamp_alternative
Spider:1: spider_trap, spiders_nest_spider_trap, uniq_nikola
Spider:4: spider_rune_water
Slime:2:  nicolae_slime_phagocytosis
Orc:1:    serial_shops, shop
Orc:2:    st_orc_pillars
Ossuary:  ossuary_zaba_two_paths

Skill      XL: |  1  2  3  4  5  6  7  8  9 10 11 12 13 14 15 16 17 18 |
---------------+-------------------------------------------------------+-----
Unarmed Combat | 4 5 6 7 9 10 12 15 16 | 16.5
Fighting       | 2 7 8 10 11 12 13 | 13.2
Spellcasting   | 3 5 7 8 10 11 | 11.0
Transmutations | 4 7 8 9 |  9.3
Ice Magic      | 2 |  2.2
Dodging        | 3 5 7 9 11 | 11.0
Stealth        | 2 7 8 |  8.0
Invocations    | 3 7 11 | 11.0
Evocations     | 4 |  4.3
Poison Magic   | 3 6 7 |  7.8
Earth Magic    | 8 10 | 10.5
Conjurations   | 7 |  7.1

Action                   |  1- 3 |  4- 6 |  7- 9 | 10-12 | 13-15 | 16-18 || total
-------------------------+-------+-------+-------+-------+-------+-------++-------
Melee: Unarmed           |    60 |   134 |   356 |   433 |   553 |   827 ||  2363
       Constrict         |    17 |    39 |    41 |    34 |    26 |   158 ||   315
       Punch             |     2 |     6 |    10 |    15 |    24 |   105 ||   162
       Tentacles         |     5 |    29 |    35 |    28 |    41 |   182 ||   320
       Kick              |    13 |    29 |     9 |       |    88 |    87 ||   226
       Staff             |       |       |    12 |    32 |    39 |     7 ||    90
Throw: Javelin           |       |       |       |       |       |    14 ||    14
 Cast: Beastly Appendage |    15 |    23 |     7 |       |       |       ||    45
       Confusing Touch   |       |     3 |     3 |     1 |     3 |       ||    10
       Ice Form          |       |       |    21 |    53 |    58 |       ||   132
       Sticks to Snakes  |       |       |    24 |    18 |    11 |    15 ||    68
       Blade Hands       |       |       |    23 |    41 |    22 |       ||    86
       Spider Form       |       |       |     1 |       |       |       ||     1
       Mephitic Cloud    |       |       |       |    34 |    64 |     4 ||   102
       Olgreb's Toxic Ra |       |       |       |    58 |   126 |     1 ||   185
       Animate Skeleton  |       |       |       |    13 |    98 |    10 ||   121
       Venom Bolt        |       |       |       |       |    22 |       ||    22
       Apportation       |       |       |       |       |     1 |     2 ||     3
       Statue Form       |       |       |       |       |    13 |    98 ||   111
Invok: Line Pass         |       |       |     3 |       |       |       ||     3
       Stomp             |       |       |       |       |     1 |     7 ||     8
       Grand Finale      |       |       |       |       |       |     2 ||     2
 Abil: End Transformatio |       |       |     2 |     8 |     6 |     9 ||    25
       Blink             |       |       |       |       |     8 |    48 ||    56
Evoke: Wand              |       |       |     1 |    11 |     4 |     2 ||    18
       Lightning rod     |       |       |       |       |       |     2 ||     2
       Phantom mirror    |       |       |       |       |       |     1 ||     1
  Use: Scroll            |     2 |     3 |     5 |    19 |    18 |     9 ||    56
       Potion            |       |       |     4 |     5 |     5 |    12 ||    26
 Stab: Sleeping          |     4 |     6 |     9 |     4 |     5 |     8 ||    36
       Confused          |       |     1 |     2 |     7 |    13 |       ||    23
       Paralysed         |       |       |    11 |    22 |    38 |    68 ||   139
       Distracted        |       |       |       |     1 |     2 |     5 ||     8
       Invisible         |       |       |       |       |       |     3 ||     3
  Eat: Chunk             |     1 |     7 |    19 |    46 |    52 |    48 ||   173
       Royal jelly       |       |       |     2 |     6 |     6 |     8 ||    22
       Meat ration       |       |       |     1 |     3 |     2 |     2 ||     8
       Bread ration      |       |       |       |       |     1 |     4 ||     5
Armor: Skin              |     6 |     9 |    60 |    31 |   141 |   633 ||   880
Dodge: Dodged            |    35 |    73 |   169 |   286 |   480 |  1252 ||  2295

Table legend:
 A = Spawn XP
 B = Non-spawn XP
 C = Spawn XP percentage of total XP
 D = Spawn monster count
 E = Non-spawn monster count
 F = Spawn count percentage of total count
 G = Total turns spent on level
                    A         B        C        D         E        F      G
               +---------+---------+-------+---------+---------+-------+---------
         Total |       0 |  295190 |   0.0 |       0 |    1204 |   0.0 | 36290
               +---------+---------+-------+---------+---------+-------+---------
           D:1 |       0 |      41 |   0.0 |       0 |      21 |   0.0 |   896
           D:2 |       0 |     181 |   0.0 |       0 |      27 |   0.0 |  1248
           D:3 |       0 |     185 |   0.0 |       0 |      28 |   0.0 |   718
           D:4 |       0 |     730 |   0.0 |       0 |      33 |   0.0 |  1650
           D:5 |       0 |     457 |   0.0 |       0 |      26 |   0.0 |  1525
           D:6 |       0 |    1914 |   0.0 |       0 |      38 |   0.0 |  1865
           D:7 |       0 |    2609 |   0.0 |       0 |      34 |   0.0 |  1025
           D:8 |       0 |    1037 |   0.0 |       0 |      23 |   0.0 |   956
           D:9 |       0 |    1186 |   0.0 |       0 |      19 |   0.0 |  1587
          D:10 |       0 |    3224 |   0.0 |       0 |      28 |   0.0 |  1333
          D:11 |       0 |    9457 |   0.0 |       0 |      52 |   0.0 |  1761
          D:12 |       0 |   10412 |   0.0 |       0 |      72 |   0.0 |  2075
          D:13 |       0 |   11083 |   0.0 |       0 |      42 |   0.0 |  1520
          D:14 |       0 |    1767 |   0.0 |       0 |      14 |   0.0 |   259
        Lair:1 |       0 |    4220 |   0.0 |       0 |      22 |   0.0 |   897
        Lair:2 |       0 |    4246 |   0.0 |       0 |      17 |   0.0 |   691
        Lair:3 |       0 |    6281 |   0.0 |       0 |      33 |   0.0 |   883
        Lair:4 |       0 |    8624 |   0.0 |       0 |      32 |   0.0 |  1526
        Lair:5 |       0 |   13301 |   0.0 |       0 |      42 |   0.0 |   825
        Lair:6 |       0 |   16439 |   0.0 |       0 |      49 |   0.0 |  1094
       Swamp:1 |       0 |   11948 |   0.0 |       0 |      26 |   0.0 |   638
       Swamp:2 |       0 |   19935 |   0.0 |       0 |      45 |   0.0 |  1172
       Swamp:3 |       0 |   24121 |   0.0 |       0 |      43 |   0.0 |  1715
       Swamp:4 |       0 |   32718 |   0.0 |       0 |      63 |   0.0 |   652
      Spider:1 |       0 |   17452 |   0.0 |       0 |      46 |   0.0 |   936
      Spider:2 |       0 |   15152 |   0.0 |       0 |      39 |   0.0 |   913
      Spider:3 |       0 |   19646 |   0.0 |       0 |      53 |   0.0 |   643
      Spider:4 |       0 |   40098 |   0.0 |       0 |      81 |   0.0 |  1825
       Slime:1 |       0 |    2420 |   0.0 |       0 |       2 |   0.0 |    57
         Orc:1 |       0 |    1264 |   0.0 |       0 |      18 |   0.0 |   603
         Orc:2 |       0 |   12716 |   0.0 |       0 |      83 |   0.0 |  2313
       Ossuary |       0 |     326 |   0.0 |       0 |      53 |   0.0 |   476
               +---------+---------+-------+---------+---------+-------+---------
